2206 views
Uploaded 2022-08-29 00:09:01
Game version 1.33
22:36 long 3on3 ladder game on (6)Monsoon_LV
Saved by Cabeelibob
2206 views
Uploaded 2022-08-29 00:09:01
Game version 1.33
22:36 long 3on3 ladder game on (6)Monsoon_LV


137 units @ 16k
/ 2.1k
95 buildings @ 13.2k
/ 6.9k


| Scroll of Regeneration | 1 | 100 |
| Lesser Clarity Potion | 1 | 70 |
| Potion of Healing | 1 | 150 |
| total: | 3 | 320g |
| Peasant | 13 | 975 | / | 0 |
| Footman | 2 | 270 | / | 0 |
| Rifleman | 7 | 1435 | / | 210 |
| Priest | 2 | 270 | / | 20 |
| Siege Engine | 4 | 780 | / | 240 |
| Mortar Team | 5 | 900 | / | 350 |
| Ogre Magi | 3 | 960 | / | 150 |
| Glaive Thrower | 5 | 1050 | / | 325 |
| total: | 41 | 6640g | / | 1295w |
| Scout Tower | 6 | 180 | / | 120 |
| Guard Tower | 5 | 350 | / | 250 |
| Arcane Tower | 1 | 70 | / | 50 |
| Altar of Kings | 1 | 180 | / | 50 |
| Farm | 16 | 1280 | / | 320 |
| Barracks | 1 | 160 | / | 60 |
| Arcane Vault | 1 | 130 | / | 30 |
| Blacksmith | 1 | 140 | / | 60 |
| Lumber Mill | 1 | 120 | / | 0 |
| Town Hall | 1 | 385 | / | 205 |
| Arcane Sanctum | 1 | 150 | / | 140 |
| Workshop | 2 | 280 | / | 280 |
| Keep | 1 | 320 | / | 210 |
| Castle | 1 | 360 | / | 210 |
| Ancient of War | 1 | 150 | / | 60 |
| total: | 32 | 3155g | / | 1325w |
| 0:03 | Peasant |
| 0:03 | Peasant |
| 0:03 | Peasant |
| 0:03 | Peasant |
| 0:19 | Altar of Kings |
| 0:21 | Peasant |
| 0:35 | Farm |
| 0:36 | Peasant |
| 0:50 | Barracks |
| 0:55 | Peasant |
| 1:11 | Farm |
| 1:12 | Farm |
| 1:14 | Peasant |
| 1:23 | Peasant |
| 1:37 | Peasant |
| 1:48 | Arcane Vault |
| 1:51 | Peasant |
| 1:55 | Footman |
| 2:03 | Blacksmith |
| 2:15 | Footman |
| 2:22 | Thunder Clap |
| 3:30 | Farm |
| 3:48 | Farm |
| 3:51 | Lumber Mill |
| 3:56 | Black Gunpowder |
| 4:02 | Studded Leather Armor |
| 4:06 | Scroll of Regeneration |
| 4:10 | Storm Bolt |
| 4:21 | Rifleman |
| 4:23 | Keep |
| 4:30 | Farm |
| 4:36 | Farm |
| 5:15 | Rifleman |
| 5:19 | Lesser Clarity Potion |
| 5:33 | Scout Tower |
| 5:35 | Scout Tower |
| 5:50 | Farm |
| 6:15 | Rifleman |
| 6:19 | Guard Tower |
| 6:20 | Arcane Tower |
| 6:24 | Scout Tower |
| 6:42 | Rifleman |
| 6:44 | Potion of Healing |
| 6:49 | Guard Tower |
| 6:57 | Improved Masonry |
| 7:01 | Farm |
| 7:05 | Rifleman |
| 7:06 | Long Rifles |
| 7:37 | Frost Arrows |
| 7:50 | Rifleman |
| 8:37 | Ogre Magi |
| 8:43 | Storm Bolt |
| 8:57 | Castle |
| 9:00 | Arcane Sanctum |
| 9:31 | Ogre Magi |
| 9:37 | Farm |
| 9:43 | Refined Gunpowder |
| 9:57 | Advanced Masonry |
| 10:02 | Scout Tower |
| 10:34 | Town Hall |
| 10:46 | Rifleman |
| 10:51 | Guard Tower |
| 11:38 | Peasant |
| 11:39 | Peasant |
| 11:55 | Forked Lightning |
| 12:11 | Farm |
| 12:12 | Farm |
| 12:46 | Workshop |
| 12:51 | Priest Adept Training |
| 12:52 | Priest |
| 13:03 | Workshop |
| 13:07 | Imbued Masonry |
| 13:23 | Improved Lumber Harvesting |
| 13:50 | Ogre Magi |
| 14:06 | Siege Engine |
| 14:11 | Farm |
| 14:14 | Siege Engine |
| 14:23 | Priest |
| 15:02 | Siege Engine |
| 15:19 | Siege Engine |
| 15:50 | Barrage |
| 15:55 | Scout Tower |
| 15:59 | Scout Tower |
| 16:27 | Bash |
| 16:31 | Fragmentation Shards |
| 16:44 | Frost Arrows |
| 16:51 | Guard Tower |
| 16:53 | Guard Tower |
| 16:55 | Mortar Team |
| 17:43 | Mortar Team |
| 18:14 | Mortar Team |
| 18:18 | Farm |
| 18:19 | Farm |
| 18:20 | Farm |
| 18:24 | Imbued Gunpowder |
| 18:47 | Vorpal Blades |
| 18:49 | Glaive Thrower |
| 18:49 | Glaive Thrower |
| 18:56 | Ancient of War |
| 19:15 | Mortar Team |
| 19:41 | Glaive Thrower |
| 20:02 | Mortar Team |
| 20:04 | Glaive Thrower |
| 20:11 | Glaive Thrower |
| Select group | 428 |
| Right click | 327 |
| Select | 261 |
| Build/train/purchase | 103 |
| Chat | 93 |
| Misc. action | 71 |
| Assign group | 29 |
| Remove unit | 7 |
| Use ability | 5 |
| Item give/drop | 1 |
⇛
CroppedBaker
(2)
(18:34) : 

| Scroll of Healing | 1 | 250 |
| Scroll of Town Portal | 1 | 350 |
| total: | 2 | 600g |
| Wisp | 52 | 3120 | / | 0 |
| Archer | 12 | 1560 | / | 120 |
| Dryad | 2 | 290 | / | 120 |
| Druid of the Claw | 1 | 255 | / | 80 |
| Chimaera | 3 | 990 | / | 210 |
| total: | 70 | 6215g | / | 530w |
| Ancient Protector | 15 | 2025 | / | 1200 |
| Altar of Elders | 1 | 180 | / | 50 |
| Moon Well | 6 | 1080 | / | 240 |
| Ancient of War | 1 | 150 | / | 60 |
| Tree of Life | 3 | 1020 | / | 555 |
| Hunter's Hall | 1 | 210 | / | 100 |
| Ancient of Wonders | 1 | 90 | / | 30 |
| Ancient of Lore | 3 | 465 | / | 435 |
| Chimaera Roost | 3 | 420 | / | 570 |
| Tree of Ages | 1 | 320 | / | 180 |
| Tree of Eternity | 1 | 330 | / | 200 |
| total: | 34 | 5640g | / | 3240w |
| 0:04 | Wisp |
| 0:04 | Wisp |
| 0:19 | Altar of Elders |
| 0:22 | Moon Well |
| 0:36 | Ancient of War |
| 0:39 | Wisp |
| 0:55 | Wisp |
| 1:09 | Wisp |
| 1:28 | Moon Well |
| 1:34 | Wisp |
| 1:41 | Archer |
| 1:54 | Wisp |
| 2:02 | Archer |
| 2:29 | Moon Well |
| 2:30 | Archer |
| 2:39 | Archer |
| 2:47 | Entangling Roots |
| 2:52 | Archer |
| 3:27 | Wisp |
| 3:27 | Wisp |
| 3:27 | Wisp |
| 3:28 | Wisp |
| 3:30 | Archer |
| 3:37 | Force of Nature |
| 4:39 | Tree of Ages |
| 4:41 | Archer |
| 4:49 | Tree of Life |
| 4:57 | Hunter's Hall |
| 5:21 | Force of Nature |
| 5:26 | Archer |
| 5:29 | Moon Well |
| 5:51 | Archer |
| 6:00 | Strength of the Moon |
| 7:01 | Wisp |
| 7:01 | Wisp |
| 7:01 | Wisp |
| 7:01 | Wisp |
| 7:03 | Wisp |
| 7:09 | Ancient of Lore |
| 7:11 | Ancient of Lore |
| 7:29 | Scroll of Healing |
| 7:54 | Wisp |
| 7:55 | Wisp |
| 8:26 | Dryad |
| 8:34 | Ancient of Lore |
| 8:35 | Wisp |
| 8:36 | Wisp |
| 8:36 | Wisp |
| 8:36 | Wisp |
| 8:36 | Wisp |
| 8:42 | Ancient of Wonders |
| 9:20 | Tree of Eternity |
| 9:22 | Druid of the Claw Adept Training |
| 9:24 | Dryad |
| 9:57 | Druid of the Claw |
| 10:02 | Moon Well |
| 10:03 | Moon Well |
| 10:29 | Strength of the Wild |
| 11:13 | Wisp |
| 11:13 | Wisp |
| 11:14 | Wisp |
| 11:14 | Wisp |
| 11:14 | Wisp |
| 11:14 | Wisp |
| 11:14 | Wisp |
| 11:29 | Tree of Life |
| 12:00 | Chimaera Roost |
| 12:04 | Chimaera Roost |
| 12:07 | Chimaera Roost |
| 12:14 | Trueshot Aura |
| 12:28 | Ancient Protector |
| 12:30 | Ancient Protector |
| 12:31 | Ancient Protector |
| 12:32 | Ancient Protector |
| 12:35 | Ancient Protector |
| 12:38 | Wisp |
| 12:38 | Wisp |
| 12:38 | Wisp |
| 13:10 | Wisp |
| 13:10 | Wisp |
| 13:11 | Wisp |
| 13:11 | Wisp |
| 13:11 | Wisp |
| 13:25 | Corrosive Breath |
| 13:39 | Tree of Life |
| 14:00 | Ancient Protector |
| 14:01 | Ancient Protector |
| 14:03 | Ancient Protector |
| 14:05 | Ancient Protector |
| 14:30 | Chimaera |
| 14:35 | Wisp |
| 14:35 | Wisp |
| 14:53 | Wisp |
| 14:53 | Wisp |
| 14:53 | Wisp |
| 15:24 | Wisp |
| 15:24 | Wisp |
| 15:24 | Wisp |
| 15:24 | Wisp |
| 15:28 | Scroll of Town Portal |
| 16:48 | Ancient Protector |
| 16:49 | Ancient Protector |
| 16:56 | Ancient Protector |
| 16:59 | Ancient Protector |
| 17:03 | Ancient Protector |
| 17:04 | Wisp |
| 17:05 | Wisp |
| 17:05 | Wisp |
| 17:05 | Wisp |
| 17:05 | Wisp |
| 17:11 | Ancient Protector |
| 18:23 | Archer |
| 18:23 | Archer |
| 18:23 | Archer |
| 18:27 | Chimaera |
| 18:27 | Chimaera |
| Right click | 494 |
| Select | 305 |
| Misc. action | 130 |
| Build/train/purchase | 86 |
| Use ability | 19 |
| Minimap ping | 12 |
| Resource trade | 10 |
| Remove unit | 3 |
| Item give/drop | 2 |

| Peon | 17 | 1275 | / | 0 |
| Grunt | 4 | 800 | / | 0 |
| Tauren | 3 | 840 | / | 240 |
| Shaman | 2 | 260 | / | 40 |
| total: | 26 | 3175g | / | 280w |
| Watch Tower | 14 | 1540 | / | 1120 |
| War Mill | 1 | 205 | / | 0 |
| Altar of Storms | 1 | 180 | / | 50 |
| Orc Burrow | 6 | 960 | / | 240 |
| Barracks | 1 | 180 | / | 50 |
| Voodoo Lounge | 1 | 130 | / | 30 |
| Great Hall | 2 | 770 | / | 370 |
| Spirit Lodge | 1 | 150 | / | 150 |
| Tauren Totem | 2 | 270 | / | 310 |
| Stronghold | 1 | 315 | / | 190 |
| Fortress | 1 | 325 | / | 190 |
| total: | 29 | 4385g | / | 2320w |
| 0:05 | Peon |
| 0:06 | Peon |
| 0:06 | Peon |
| 0:26 | War Mill |
| 0:41 | Altar of Storms |
| 0:50 | Orc Burrow |
| 0:51 | Peon |
| 0:55 | Peon |
| 0:56 | Peon |
| 1:27 | Peon |
| 1:45 | Orc Burrow |
| 1:52 | Barracks |
| 1:54 | Peon |
| 2:05 | Peon |
| 2:16 | Peon |
| 2:16 | Peon |
| 2:42 | Peon |
| 2:42 | Peon |
| 2:55 | Shockwave |
| 2:57 | Grunt |
| 3:01 | Orc Burrow |
| 3:35 | Stronghold |
| 3:56 | Grunt |
| 4:18 | Grunt |
| 4:29 | Orc Burrow |
| 4:56 | Grunt |
| 5:06 | Watch Tower |
| 5:12 | Watch Tower |
| 5:42 | Watch Tower |
| 5:59 | Fortress |
| 6:00 | Berserker Strength |
| 6:03 | Endurance Aura |
| 6:07 | Reinforced Defenses |
| 6:19 | Spirit Lodge |
| 7:02 | Voodoo Lounge |
| 8:24 | Tauren Totem |
| 8:26 | Shaman Adept Training |
| 8:33 | Tauren Totem |
| 8:35 | Endurance Aura |
| 9:25 | Pillage |
| 9:26 | Shaman Master Training |
| 9:58 | Tauren |
| 10:01 | Steel Armor |
| 10:01 | Steel Melee Weapons |
| 10:39 | Tauren |
| 10:41 | Tauren |
| 10:42 | Pulverize |
| 10:45 | Shaman |
| 10:45 | Shaman |
| 11:02 | Watch Tower |
| 11:05 | Watch Tower |
| 11:15 | Great Hall |
| 11:30 | Watch Tower |
| 12:12 | Shockwave |
| 12:29 | Watch Tower |
| 12:33 | Watch Tower |
| 12:53 | Orc Burrow |
| 12:56 | Spiked Barricades |
| 12:58 | Spirit Walker Adept Training |
| 13:00 | Witch Doctor Adept Training |
| 13:02 | Berserker Upgrade |
| 13:09 | Troll Regeneration |
| 13:51 | Watch Tower |
| 13:55 | Watch Tower |
| 14:04 | Watch Tower |
| 14:06 | Peon |
| 15:00 | Shockwave |
| 15:14 | Orc Burrow |
| 15:22 | Watch Tower |
| 16:27 | Great Hall |
| 16:45 | Peon |
| 16:46 | Peon |
| 16:48 | Peon |
| 17:20 | Watch Tower |
| 17:23 | Watch Tower |
| 19:08 | Entangling Roots |
| Right click | 1223 |
| Select | 187 |
| Select group | 96 |
| Build/train/purchase | 54 |
| Misc. action | 27 |
| Assign group | 18 |
| Use ability | 13 |
| Item give/drop | 8 |
| Minimap ping | 4 |
| Remove unit | 2 |
80 units @ 7.8k
/ 0.9k
109 buildings @ 10.8k
/ 5k


| Peasant | 16 | 1200 | / | 0 |
| Mortar Team | 3 | 540 | / | 210 |
| Flying Machine | 14 | 1400 | / | 420 |
| total: | 33 | 3140g | / | 630w |
| Scout Tower | 14 | 420 | / | 280 |
| Guard Tower | 4 | 280 | / | 200 |
| Arcane Tower | 3 | 210 | / | 150 |
| Altar of Kings | 1 | 180 | / | 50 |
| Farm | 15 | 1200 | / | 300 |
| Lumber Mill | 1 | 120 | / | 0 |
| Blacksmith | 2 | 280 | / | 120 |
| Town Hall | 2 | 770 | / | 410 |
| Cannon Tower | 3 | 360 | / | 300 |
| Workshop | 3 | 420 | / | 420 |
| Gryphon Aviary | 1 | 140 | / | 150 |
| Keep | 1 | 320 | / | 210 |
| Castle | 1 | 360 | / | 210 |
| total: | 39 | 3530g | / | 1730w |
| 0:02 | Peasant |
| 0:06 | Altar of Kings |
| 0:08 | Peasant |
| 0:19 | Farm |
| 0:28 | Peasant |
| 0:33 | Lumber Mill |
| 0:34 | Peasant |
| 0:42 | Peasant |
| 0:48 | Farm |
| 1:01 | Peasant |
| 1:13 | Peasant |
| 1:13 | Peasant |
| 1:33 | Farm |
| 1:35 | Peasant |
| 1:37 | Improved Lumber Harvesting |
| 2:11 | Storm Bolt |
| 2:17 | Keep |
| 3:21 | Blacksmith |
| 3:24 | Farm |
| 3:37 | Farm |
| 3:39 | Blacksmith |
| 3:41 | Farm |
| 3:47 | Scout Tower |
| 3:48 | Scout Tower |
| 3:49 | Scout Tower |
| 4:15 | Guard Tower |
| 4:17 | Scout Tower |
| 4:18 | Scout Tower |
| 4:38 | Castle |
| 5:10 | Bash |
| 5:10 | Bash |
| 5:17 | Workshop |
| 5:31 | Scout Tower |
| 5:32 | Scout Tower |
| 5:33 | Guard Tower |
| 5:35 | Guard Tower |
| 5:38 | Guard Tower |
| 5:57 | Advanced Lumber Harvesting |
| 5:59 | Workshop |
| 6:05 | Farm |
| 6:05 | Farm |
| 6:06 | Farm |
| 6:07 | Farm |
| 6:22 | Holy Light |
| 6:29 | Arcane Tower |
| 6:30 | Scout Tower |
| 6:31 | Scout Tower |
| 6:37 | Flak Cannons |
| 7:11 | Fragmentation Shards |
| 7:12 | Workshop |
| 7:16 | Peasant |
| 7:16 | Peasant |
| 7:16 | Peasant |
| 7:17 | Peasant |
| 7:26 | Arcane Tower |
| 7:28 | Scout Tower |
| 7:50 | Flying Machine Bombs |
| 7:55 | Flare |
| 8:14 | Black Gunpowder |
| 8:25 | Arcane Tower |
| 8:30 | Improved Masonry |
| 8:32 | Mortar Team |
| 8:37 | Divine Shield |
| 8:47 | Farm |
| 8:47 | Farm |
| 9:05 | Holy Light |
| 9:26 | Mortar Team |
| 9:31 | Advanced Masonry |
| 9:37 | Refined Gunpowder |
| 9:41 | Farm |
| 9:42 | Farm |
| 10:20 | Flying Machine |
| 10:21 | Flying Machine |
| 10:22 | Flying Machine |
| 10:27 | Cannon Tower |
| 10:35 | Farm |
| 10:51 | Flying Machine |
| 11:02 | Gryphon Aviary |
| 11:10 | Imbued Gunpowder |
| 11:11 | Iron Plating |
| 11:13 | Flying Machine |
| 11:14 | Flying Machine |
| 11:39 | Imbued Masonry |
| 11:41 | Flying Machine |
| 12:14 | Flying Machine |
| 12:15 | Flying Machine |
| 12:15 | Flying Machine |
| 12:15 | Flying Machine |
| 12:15 | Flying Machine |
| 13:01 | Flying Machine |
| 13:01 | Flying Machine |
| 13:41 | Steel Plating |
| 16:26 | Town Hall |
| 16:37 | Scout Tower |
| 16:39 | Scout Tower |
| 16:39 | Scout Tower |
| 16:41 | Scout Tower |
| 17:33 | Cannon Tower |
| 17:53 | Cannon Tower |
| 18:28 | Peasant |
| 18:28 | Peasant |
| 18:56 | Storm Bolt |
| 18:57 | Storm Bolt |
| 19:40 | Peasant |
| 21:27 | Divine Shield |
| 21:58 | Holy Light |
| 22:04 | Town Hall |
| 22:12 | Mortar Team |
| Right click | 489 |
| Select | 269 |
| Select group | 153 |
| Build/train/purchase | 89 |
| Misc. action | 69 |
| Use ability | 48 |
| Assign group | 8 |
| Esc | 4 |
| Minimap ping | 4 |
| Remove unit | 2 |
GIGA
(207)
(22:34) : 
| Peasant | 22 | 1650 | / | 0 |
| Dragonhawk Rider | 5 | 1000 | / | 150 |
| total: | 27 | 2650g | / | 150w |
| Scout Tower | 34 | 1020 | / | 680 |
| Arcane Tower | 6 | 420 | / | 300 |
| Guard Tower | 11 | 770 | / | 550 |
| Altar of Kings | 1 | 180 | / | 50 |
| Farm | 7 | 560 | / | 140 |
| Lumber Mill | 2 | 240 | / | 0 |
| Town Hall | 3 | 1155 | / | 615 |
| Arcane Vault | 1 | 130 | / | 30 |
| Barracks | 1 | 160 | / | 60 |
| Blacksmith | 1 | 140 | / | 60 |
| Arcane Sanctum | 1 | 150 | / | 140 |
| Gryphon Aviary | 2 | 280 | / | 300 |
| Keep | 1 | 320 | / | 210 |
| Castle | 1 | 360 | / | 210 |
| total: | 53 | 4015g | / | 2075w |
| 0:04 | Peasant |
| 0:04 | Peasant |
| 0:11 | Altar of Kings |
| 0:13 | Farm |
| 0:14 | Farm |
| 0:27 | Peasant |
| 0:36 | Peasant |
| 0:40 | Peasant |
| 0:52 | Lumber Mill |
| 1:02 | Peasant |
| 1:11 | Peasant |
| 1:18 | Peasant |
| 1:26 | Peasant |
| 1:31 | Scout Tower |
| 1:39 | Peasant |
| 1:55 | Peasant |
| 2:00 | Improved Lumber Harvesting |
| 2:02 | Arcane Tower |
| 2:07 | Peasant |
| 2:28 | Storm Bolt |
| 2:41 | Peasant |
| 2:44 | Farm |
| 2:50 | Peasant |
| 3:06 | Town Hall |
| 3:20 | Scout Tower |
| 3:46 | Scout Tower |
| 3:47 | Scout Tower |
| 3:50 | Scout Tower |
| 3:51 | Scout Tower |
| 4:00 | Improved Masonry |
| 4:11 | Guard Tower |
| 4:15 | Guard Tower |
| 4:21 | Scout Tower |
| 4:22 | Guard Tower |
| 4:32 | Peasant |
| 4:32 | Peasant |
| 4:44 | Peasant |
| 4:55 | Guard Tower |
| 5:03 | Keep |
| 5:20 | Scout Tower |
| 5:21 | Scout Tower |
| 5:30 | Scout Tower |
| 5:31 | Scout Tower |
| 5:49 | Guard Tower |
| 6:20 | Guard Tower |
| 6:22 | Scout Tower |
| 6:23 | Scout Tower |
| 6:24 | Scout Tower |
| 6:24 | Scout Tower |
| 6:40 | Peasant |
| 6:40 | Peasant |
| 6:40 | Peasant |
| 7:04 | Scout Tower |
| 7:05 | Scout Tower |
| 7:06 | Scout Tower |
| 7:07 | Scout Tower |
| 7:08 | Scout Tower |
| 7:08 | Scout Tower |
| 7:10 | Scout Tower |
| 7:11 | Scout Tower |
| 7:11 | Scout Tower |
| 7:12 | Scout Tower |
| 7:14 | Scout Tower |
| 7:15 | Scout Tower |
| 7:15 | Scout Tower |
| 7:21 | Arcane Tower |
| 7:35 | Advanced Masonry |
| 7:45 | Town Hall |
| 7:54 | Scout Tower |
| 7:55 | Scout Tower |
| 7:58 | Arcane Tower |
| 7:59 | Arcane Tower |
| 8:01 | Arcane Tower |
| 8:02 | Guard Tower |
| 8:06 | Castle |
| 8:40 | Scout Tower |
| 9:03 | Guard Tower |
| 9:04 | Guard Tower |
| 9:21 | Arcane Tower |
| 10:10 | Guard Tower |
| 10:14 | Scout Tower |
| 10:16 | Scout Tower |
| 10:17 | Scout Tower |
| 10:23 | Arcane Sanctum |
| 10:28 | Imbued Masonry |
| 11:01 | Gryphon Aviary |
| 11:14 | Gryphon Aviary |
| 11:20 | Arcane Vault |
| 11:38 | Guard Tower |
| 12:00 | Farm |
| 12:02 | Farm |
| 12:24 | Magic Sentry |
| 12:25 | Sorceress Adept Training |
| 12:36 | Cloud |
| 12:37 | Dragonhawk Rider |
| 12:44 | Farm |
| 13:09 | Dragonhawk Rider |
| 13:24 | Farm |
| 13:56 | Dragonhawk Rider |
| 14:19 | Barracks |
| 14:21 | Blacksmith |
| 18:50 | Town Hall |
| 19:46 | Dragonhawk Rider |
| 19:46 | Dragonhawk Rider |
| 19:52 | Lumber Mill |
| 20:02 | Studded Leather Armor |
| 20:57 | Peasant |
| 20:57 | Peasant |
| Right click | 943 |
| Select group | 856 |
| Select | 272 |
| Build/train/purchase | 75 |
| Resource trade | 48 |
| Use ability | 23 |
| Chat | 18 |
| Assign group | 17 |
| Minimap ping | 12 |
| Misc. action | 2 |
Cabeelibob
(194)
(22:34) : 
| Lesser Clarity Potion | 4 | 280 |
| Healing Salve | 2 | 200 |
| Orb of Lightning | 1 | 375 |
| Potion of Mana | 1 | 200 |
| Tiny Great Hall | 1 | 600 |
| Scroll of Town Portal | 1 | 350 |
| Staff of Teleportation | 1 | 150 |
| Boots of Speed | 1 | 250 |
| total: | 12 | 2405g |
| Peon | 15 | 1125 | / | 0 |
| Kodo Beast | 1 | 255 | / | 60 |
| Troll Witch Doctor | 4 | 580 | / | 100 |
| total: | 20 | 1960g | / | 160w |
| Watch Tower | 1 | 110 | / | 80 |
| Altar of Storms | 1 | 180 | / | 50 |
| Orc Burrow | 6 | 960 | / | 240 |
| War Mill | 3 | 615 | / | 0 |
| Voodoo Lounge | 1 | 130 | / | 30 |
| Great Hall | 2 | 770 | / | 370 |
| Spirit Lodge | 2 | 300 | / | 300 |
| Beastiary | 1 | 145 | / | 140 |
| Stronghold | 1 | 315 | / | 190 |
| Fortress | 1 | 325 | / | 190 |
| total: | 17 | 3210g | / | 1210w |
| 0:04 | Altar of Storms |
| 0:08 | Orc Burrow |
| 0:09 | Peon |
| 0:14 | Peon |
| 0:21 | Peon |
| 0:40 | Peon |
| 1:10 | War Mill |
| 1:14 | Peon |
| 1:39 | Orc Burrow |
| 1:43 | Orc Burrow |
| 1:47 | Orc Burrow |
| 1:56 | Voodoo Lounge |
| 2:01 | Peon |
| 2:08 | Peon |
| 2:32 | Wind Walk |
| 2:37 | Peon |
| 3:22 | Great Hall |
| 3:35 | Great Hall |
| 3:45 | Lesser Clarity Potion |
| 3:49 | War Mill |
| 3:55 | Peon |
| 3:55 | Peon |
| 3:55 | Peon |
| 4:00 | Watch Tower |
| 4:12 | Staff of Teleportation |
| 4:12 | Boots of Speed |
| 5:39 | Peon |
| 5:39 | Peon |
| 5:39 | Peon |
| 5:40 | Peon |
| 6:40 | Stronghold |
| 6:46 | Orc Burrow |
| 7:05 | Lesser Clarity Potion |
| 7:05 | Healing Salve |
| 7:08 | Lesser Clarity Potion |
| 9:20 | Fortress |
| 9:49 | Scroll of Town Portal |
| 10:22 | Lesser Clarity Potion |
| 11:25 | Spirit Lodge |
| 11:26 | Beastiary |
| 11:32 | Spirit Lodge |
| 12:36 | Critical Strike |
| 12:51 | Liquid Fire |
| 12:52 | War Drums Damage Increase |
| 12:56 | Witch Doctor Adept Training |
| 13:10 | Orc Burrow |
| 14:32 | Orb of Lightning |
| 14:34 | Healing Salve |
| 14:39 | Witch Doctor Master Training |
| 14:41 | Kodo Beast |
| 16:01 | Reinforced Defenses |
| 16:03 | Troll Witch Doctor |
| 16:03 | Troll Witch Doctor |
| 16:03 | Troll Witch Doctor |
| 16:03 | Troll Witch Doctor |
| 17:09 | Critical Strike |
| 17:12 | Potion of Mana |
| 17:14 | Tiny Great Hall |
| 19:20 | Wind Walk |
| 20:32 | War Mill |
| 21:58 | Critical Strike |
| Right click | 771 |
| Select | 118 |
| Build/train/purchase | 87 |
| Select group | 85 |
| Misc. action | 66 |
| Resource trade | 59 |
| Chat | 58 |
| Use ability | 13 |
| Item give/drop | 5 |
| Assign group | 1 |
| Minimap ping | 1 |